 Dungeon Crawl Stone Soup version 0.19-a0-630-g098d46c (webtiles) character file.

1324560 Katalist the Metallomancer (level 27, 152/152 HPs)
             Began as a Gargoyle Earth Elementalist on June 11, 2016.
             Was the Champion of Vehumet.
             Escaped with the Orb
             ... and 3 runes on June 13, 2016!
             The game lasted 09:01:38 (167014 turns).

Katalist the Metallomancer (GrEE)                 Turns: 167014, Time: 09:01:38

Health: 152/152    AC: 43    Str: 14    XL:     27
Magic:  57/57      EV: 18    Int: 21    God:    Vehumet [******]
Gold:   4487       SH: 19    Dex: 12    Spells: 14 memorised, 14 levels left

rFire  + . .     SeeInvis +     a - staff of energy
rCold  + . .     Gourm    .     R - +1 ring mail of the Pits of Slime {rC- rN+ Regen+ Dex+2}
rNeg   + + +     Faith    .     V - +5 shield {rC+ rF+}
rPois  ∞         Spirit   .     p - +2 helmet
rElec  +         Dismiss  .     x - +0 cloak of the Barnacle {+Fly rC+ rN+}
rCorr  .         Reflect  .     z - +2 pair of gloves
SustAt .         Harm     .     U - +2 pair of boots {Stlth+}
MR     ++...                    r - amulet of regeneration
Stlth  +.........               Q - ring of magical power
                                C - ring of see invisible

@: flying, very slightly contaminated, delayed fireball, repel missiles, very
resistant to hostile enchantments, very unstealthy
A: big wings, blurry vision 1, dopey 2, frail 1, negative energy resistance 1,
screaming 1, electricity resistance, weak 1, unbreathing, petrification
resistance, rot immunity, AC +20
a: Stop Flying, Renounce Religion, Release Delayed Fireball
0: Orb of Zot
}: 3/15 runes: barnacled, slimy, gossamer


You escaped.
You worshipped Vehumet.
Vehumet was exalted by your worship.
You were full.

You visited 11 branches of the dungeon, and saw 54 of its levels.
You visited the Abyss 1 time.
You also visited: Bailey.

You collected 6593 gold pieces.
You spent 2106 gold pieces at shops.

Inventory:

Hand Weapons
 b - a +9 demon whip of freezing
Missiles
 m - 15 throwing nets (quivered)
Armour
 c - the +10 scale mail "Wuicw" {rC+}
   (You found it on level 14 of the Dungeon)

   It protects you from cold.
 p - a +2 helmet (worn)
 x - the +0 cloak of the Barnacle (worn) {+Fly rC+ rN+}
   (You found it on level 4 of the Vaults)

   It protects you from cold.
   It protects you from negative energy.
   It lets you fly.
 z - a +2 pair of gloves (worn)
 R - the +1 ring mail of the Pits of Slime (worn) {rC- rN+ Regen+ Dex+2}
   (You found it on level 4 of the Shoals)

   It affects your dexterity (+2).
   It makes you vulnerable to cold.
   It protects you from negative energy.
   It increases your rate of regeneration.
 U - a +2 pair of boots of stealth (worn)
 V - a +5 shield of resistance (worn)
Magical Staves
 a - an uncursed staff of energy (weapon)
 t - an uncursed staff of fire
Jewellery
 r - an amulet of regeneration (around neck)
 s - an uncursed ring of protection from magic
 C - a ring of see invisible (left hand)
 I - the ring "Maw Hul" {EV+4 Str+8 Int-4 Dex+4 Slay+5}
   (You took it off a deep elf death mage on level 3 of the Elven Halls)

   [ring of evasion]

   It affects your evasion (+4).
   It affects your strength (+8).
   It affects your intelligence (-4).
   It affects your dexterity (+4).
   It affects your accuracy and damage with ranged weapons and melee attacks
   (+5).
 L - an uncursed ring of protection from magic
 Q - a ring of magical power (right hand)
 S - a +4 ring of protection
Wands
 l - a wand of teleportation (1/9)
 u - a wand of hasting (0/9)
Scrolls
 f - 18 scrolls of remove curse
 h - 4 scrolls of teleportation
 n - 6 scrolls of amnesia
 v - 4 scrolls of enchant weapon
 y - 3 scrolls of magic mapping
 E - a scroll of fear
 H - 3 scrolls of enchant armour
 J - 2 scrolls of identify
 N - a scroll of silence
 X - a scroll of fog
Potions
 g - 3 potions of resistance
 j - 2 potions of ambrosia
 k - 8 potions of agility
 o - 11 potions of lignification
 w - 9 potions of might
 A - 7 potions of brilliance
 B - 2 potions of cancellation
 F - 9 potions of curing
 Z - 2 potions of invisibility
Books
 e - a book of Geomancy

   Spells                             Type                      Level
   a - Sandblast                      Earth                        1
   b - Passwall                       Transmutation/Earth          2
   c - Stone Arrow                    Conjuration/Earth            3
   d - Petrify                        Transmutation/Earth          4
   e - Lee's Rapid Deconstruction     Earth                        5
 P - a book of the Sky

   Spells                             Type                      Level
   a - Summon Lightning Spire         Summoning/Air                4
   b - Airstrike                      Air                          4
   c - Silence                        Hexes/Air                    5
   d - Deflect Missiles               Charms/Air                   6
   e - Conjure Ball Lightning         Conjuration/Air              6
   f - Tornado                        Air                          9
 W - a book of Power

   Spells                             Type                      Level
   a - Fulminant Prism                Conjuration/Hexes            4
   b - Iskenderun's Mystic Blast      Conjuration                  4
   c - Venom Bolt                     Conjuration/Poison           5
   d - Bolt of Magma                  Conjuration/Fire/Earth       5
   e - Iron Shot                      Conjuration/Earth            6
   f - Orb of Destruction             Conjuration                  7
   g - Spellforged Servitor           Conjuration/Summoning        7
Comestibles
 d - 37 bread rations
 i - 4 meat rations


   Skills:
 + Level 16.5 Fighting
 - Level 9.6 Maces & Flails
 + Level 16.1 Armour
 + Level 15.1 Dodging
 - Level 2.1 Stealth
 * Level 18.6 Shields
 - Level 21.7 Spellcasting
 - Level 21.3 Conjurations
   Level 0.7 Transmutations
 + Level 20.2 Fire Magic
 - Level 23.3 Earth Magic
 + Level 11.9 Evocations


You had 14 spell levels left.
You knew the following spells:

 Your Spells              Type           Power        Failure   Level  Hunger
a - Stone Arrow           Conj/Erth      ######       0%          3    None
b - Bolt of Fire          Conj/Fire      #######...   1%          6    None
c - Conjure Flame         Conj/Fire      #######.     0%          3    None
d - Mephitic Cloud        Conj/Pois/Air  ######..     1%          3    None
e - Orb of Destruction    Conj           #######...   1%          7    None
f - Fireball              Conj/Fire      #######...   1%          5    None
g - Summon Butterflies    Summ           ###.....     3%          1    None
h - Lee's Rapid Deconstr  Erth           #######...   0%          5    None
i - Iron Shot             Conj/Erth      #######...   1%          6    None
j - Delayed Fireball      Conj/Fire      N/A          1%          7    None
k - Lehudib's Crystal Sp  Conj/Erth      #######...   1%          8    None
l - Sandblast             Erth           ######       0%          1    None
m - Regeneration          Chrm/Necr      ###.......   12%         3    None
r - Repel Missiles        Chrm/Air       ###...       6%          2    None


Dungeon Overview and Level Annotations

Branches:
Dungeon (15/15)            Temple (1/1) D:7            Lair (6/6) D:9
 Shoals (4/4) Lair:3       Spider (4/4) Lair:3        Slime (5/5) Lair:5
    Orc (2/2) D:11            Elf (3/3) Orc:2        Vaults (4/5) D:14
  Crypt (0/3) Vaults:2     Depths (5/5) D:15            Zot (5/5) Depths:5

Altars:
Ashenzari
Cheibriados
Dithmenos
Fedhas
Gozag
Hepliaklqana
Kikubaaqudgha
Makhleb
Nemelex Xobeh
Pakellas
Qazlal
Sif Muna
Trog
Uskayaw
Vehumet
Xom
Yredelemnul
Zin
The Shining One
Beogh
Jiyva

Shops:
D:4 %   D:6 %   D:10 [   Orc:2 !?=[   Elf:1 %   Vaults:2 }   Vaults:3 ?
Vaults:4 =

Portals:
Hell: Depths:1 Depths:2 Depths:3 Depths:4 Depths:5
Abyss: Depths:2 Depths:3
Pandemonium: Depths:1 Depths:3 Depths:5
Ziggurat: Depths:4
Trove: D:15 (give +5 demon whip)

Annotations:
Spider:1 exclusion: obsidian statue
Vaults:3 RepHenryClay's ghost, adept MiEn
Depths:5 Mennas


Innate Abilities, Weirdness & Mutations

You are resistant to torment.
Your stone body is resilient. (AC +20)
You are immune to poison.
Your large and strong wings let you fly indefinitely.
You resist negative energy. (rN+)
You are resistant to electric shocks. (rElec)
You can survive without breathing.
You are immune to petrification.
You are immune to rotting.
Scrolls take you a little longer to read.
You are very dopey. (Int -4)
You are frail. (-10% HP)
You occasionally shout uncontrollably at your foes.
You are weak. (Str -2)


Message History

a plate armour; a leather armour You see here a short sword.
Things that are here:
a robe; a dagger
There is a stone staircase leading up here.
You fly upwards.
There is a stone staircase leading down here.
You see here a ring mail.
A hellephant comes into view.
An Orb Guardian comes into view.
The hellephant blinks!
There is an escape hatch in the ceiling here.
A mysterious force pulls you upwards. The hatch slams shut behind you.
Okay, then.
Evoke which item? (* to show all) (? for menu, Esc to quit)
Okay, then.
A chaos spawn comes into view.
There is a staircase leading out of the dungeon here.
You block the chaos spawn's attack.
You have escaped!

###.......#
#.####..# #.# #..#
##### #.# ##>#
#####...######.#
###
...............#
#####...##########
........##...#.3.#
#######.##.#.#.#@#
#.####.#.####
#.#.........#
#.#.##...##.#
#.#..#...#..#
#.####...####
#.......## #
#.####### # #.#


You could see a chaos spawn.

Vanquished Creatures
  the Royal Jelly (Slime:5)
  7 orbs of fire (Zot:5)
  An ancient lich (Zot:5)
  2 juggernauts (Depths:4)
  4 Killer Klowns
  4 caustic shrikes
  5 curse toes
  Arachne (Spider:3)
  9 golden dragons
  5 electric golems
  A Brimstone Fiend (Depths:3)
  Jorgrun (Elf:2)
  23 tentacled monstrosities
  Asterion (Elf:2)
  2 deep elf blademasters
  3 quicksilver dragons
  4 liches
  25 Orb Guardians
  The ghost of grandjackal the Warrior, an adept DrGl of Trog (Elf:3)
  20 acid blobs
  A deep elf master archer (Elf:3)
  An Executioner (D:9)
  2 sphinxes
  A quicksilver dragon (shapeshifter) (Depths:4)
  Gastronok (Lair:3)
  8 death cobs
  Agnes (D:12)
  4 shadow dragons
  Roxanne (Shoals:2)
  4 tengu reavers
  18 storm dragons
  Ilsuiw (Shoals:3)
  5 draconian monks
  9 azure jellies
  2 iron dragons
  10 fire giants
  11 frost giants
  Wiglaf (Vaults:2)
  7 draconian zealots
  Donald (Spider:1)
  13 deep elf sorcerers
  Louise (Shoals:4)
  5 draconian knights
  9 draconian scorchers
  8 emperor scorpions
  6 ghost moths
  13 vault wardens
  6 draconian shifters
  7 deep elf elementalists
  8 draconian annihilators
  A reaper (Depths:1)
  2 spriggan defenders (Depths:4)
  24 ironheart preservers
  7 draconian callers
  26 stone giants
  The ghost of Snarg the Spear-Bearer, a journeyman DsWn of Hepliaklqana (Spider:1)
  14 green draconians
  The ghost of SirSamVimes the Brilliant, a journeyman KoAr of Pakellas (Orc:2)
  14 black draconians
  9 vampire knights
  29 very ugly things
  9 mottled draconians
  11 yellow draconians
  11 deep elf demonologists
  18 purple draconians
  6 spark wasps
  16 red draconians
  14 white draconians
  7 deep elf annihilators (Elf:3)
  7 ettins
  5 merfolk javelineers
  4 death oozes
  14 merfolk impalers
  11 deep elf death magi
  6 deep elf high priests
  A jiangshi (Depths:1)
  17 great orbs of eyes
  Josephine (Orc:2)
  Fannar (Lair:2)
  24 fire dragons
  21 yaktaur captains
  12 entropy weavers
  30 ice dragons
  11 vault guards
  An entropy weaver (shapeshifter) (Vaults:2)
  6 rakshasas
  An anaconda (shapeshifter) (Depths:4)
  7 hydras
  2 death knights
  3 spriggan air magi
  6 merfolk aquamancers
  Erica (D:11)
  4 alligator snapping turtles
  2 ghost crabs (shapeshifter)
  11 centaur warriors
  7 orc high priests
  15 ogre magi
  34 dancing weapons
  6 merfolk avatars
  13 death yaks
  15 deep troll earth magi
  18 deep troll shamans
  6 satyrs
  9 tengu warriors
  A queen ant (Spider:2)
  7 spriggan berserkers
  2 vampire magi
  Urug (Lair:1)
  A sun demon (D:10)
  24 deep elf knights
  2 fire crabs
  6 skeletal warriors (D:13)
  6 iron trolls
  5 shadow wraiths
  10 hell knights
  5 giant orange brains
  16 sea snakes
  26 deep elf archers
  9 unseen horrors
  An obsidian statue (Zot:5)
  11 ironbrand convokers
  A putrid demonspawn (D:15)
  58 deep trolls
  16 orc knights
  7 hill giants
  7 flayed ghosts
  A lindwurm (shapeshifter) (D:13)
  40 harpies
  7 phantasmal warriors
  A tengu zombie (Vaults:3)
  An anubis guard (shapeshifter) (Depths:4)
  53 ugly things
  A hill giant (shapeshifter) (Depths:5)
  9 necromancers
  23 orb spiders
  A harpy (shapeshifter) (Vaults:3)
  2 wizards
  2 wolf spider zombies
  7 hornets
  A mana viper (shapeshifter) (Vaults:1)
  An oklob plant (Lair:2)
  21 griffons
  A salamander (shapeshifter) (Depths:2)
  15 manticores
  4 shining eyes
  2 salamanders (Depths:2)
  54 wolf spiders
  17 fauns
  4 orc sorcerers
  12 cyclopes
  68 deep elf magi
  14 sirens
  26 moths of wrath
  21 elephants
  3 rust devils
  10 vault sentinels
  An octopode (shapeshifter) (Vaults:3)
  9 centaur zombies
  8 black mambas
  3 gargoyles
  5 eyes of devastation
  9 water nymphs
  2 torpor snails
  A spriggan zombie (Depths:2)
  17 spiny frogs
  An elf zombie (Depths:2)
  3 human zombies
  2 hellions
  19 komodo dragons
  5 kobold demonologists
  6 freezing wraiths
  18 demonic crawlers
  A rime drake (Lair:3)
  An elf skeleton (Depths:2)
  68 yaktaurs
  4 efreet
  2 ice devils
  A queen bee (Lair:5)
  5 tengu conjurers
  3 hellwings
  2 red devils
  48 jumping spiders
  18 trolls
  A yaktaur skeleton (Vaults:2)
  A jumping spider (shapeshifter) (Depths:4)
  8 polar bears (Lair:6)
  60 merfolk
  A meliai (shapeshifter) (Vaults:4)
  3 meliai (Lair:5)
  32 two-headed ogres
  2 wind drakes
  Grinder (D:6)
  109 slime creatures
  2 meliai zombies
  4 raiju (Lair:6)
  21 blink frogs
  A hornet zombie (D:14)
  18 snapping turtles
  A frost giant simulacrum (Vaults:3)
  An ettin skeleton (Vaults:3)
  Sigmund (D:2)
  6 boulder beetles
  2 shadows
  40 water elementals
  5 air elementals
  89 redbacks
  2 flying skulls (D:13)
  A spriggan skeleton (Depths:2)
  4 spriggans (Depths:4)
  26 tarantellas
  4 vampires
  9 wraiths
  A wyvern (D:14)
  5 basilisks
  55 yaks
  A yak (shapeshifter) (Depths:4)
  5 fire elementals
  4 hungry ghosts
  3 fire bats
  17 hippogriffs
  9 golden eyes
  The ghost of Mekire the Changer, an amateur DrTm (D:5)
  3 steam dragons (Lair:6)
  The ghost of dickylongcocking the Twirler, an amateur DsGl of Kikubaaqudgha (D:4)
  15 vampire mosquitoes
  5 mottled dragons
  18 wargs
  19 soldier ants
  Edmund (D:3)
  6 swamp worms (Spider:3)
  6 hell hounds (Lair:6)
  A giant eyeball (Depths:4)
  21 water moccasins
  15 porcupines
  A swamp drake (Lair:6)
  An ice beast (shapeshifter) (Depths:5)
  An ice beast (D:11)
  41 orc warriors
  6 wasps
  3 sky beasts
  13 black bears (Lair:6)
  2 ettin simulacra
  A necrophage (D:14)
  3 eyes of draining
  4 black bears (shapeshifter)
  2 phantoms
  12 boggarts
  51 ogres
  20 centaurs
  29 wolves
  13 crocodiles
  9 big kobolds
  21 giant frogs
  3 earth elementals
  2 wyvern zombies
  7 gnoll sergeants
  2 wyvern skeletons (D:13)
  7 scorpions
  A killer bee (shapeshifter) (Vaults:2)
  A human simulacrum (Vaults:2)
  32 killer bees
  4 wights (D:13)
  2 vampire bats (D:9)
  2 electric eels
  2 howler monkeys
  16 crimson imps
  5 giant frog zombies
  2 jellies
  A quasit (D:11)
  22 hounds
  3 giant frog skeletons
  38 orc priests
  Crazy Yiuf (D:4)
  10 centaur skeletons
  30 orc wizards
  18 iguanas
  Natasha (thrice) (D:2)
  38 worker ants
  14 sheep
  A killer bee zombie (D:6)
  Robin (D:2)
  3 worker ant zombies (D:11)
  11 adders
  16 gnolls
  69 river rats
  4 shadow imps
  2 white imps (Abyss:4)
  An adder skeleton (D:4)
  An adder zombie (D:8)
  14 worms
  A dart slug (D:2)
  6 giant geckos
  112 orcs
  4 ball pythons
  5 bats
  A bat skeleton (D:9)
  3 bat zombies (D:9)
  4 giant cockroaches
  12 goblins
  11 hobgoblins
  28 jackals
  7 quokkas
  A ball python (shapeshifter) (Vaults:2)
  A giant gecko skeleton (D:5)
  6 giant newts
  A jackal skeleton (D:5)
  34 kobolds
  A quokka skeleton (D:7)
  6 rats
  2 bushes (D:13)
  2 fungi (Lair:5)
  9 plants
3289 creatures vanquished.

Vanquished Creatures (collateral kills)
  A tarantella (Lair:3)
  2 killer bees (Lair:5)
3 creatures vanquished.

Vanquished Creatures (others)
  An ancient lich (Zot:5)
  A tengu reaver (Vaults:3)
  A fire giant (Depths:3)
  A draconian zealot (Zot:3)
  2 draconian scorchers
  A purple draconian (Zot:3)
  A fire dragon (Zot:2)
  An ice dragon (Depths:4)
  An ogre mage (Vaults:1)
  A shadow wraith (Vaults:4)
  A deep elf mage (Elf:1)
  A centaur zombie (D:13)
  A jumping spider (Spider:1)
  A tarantella (Spider:4)
  A mottled dragon (Zot:3)
  A boggart (Vaults:1)
  6 bushes (D:13)
  25 fungi
  67 plants
  8 tentacles
  258 tentacle segments
381 creatures vanquished.

Grand Total: 3673 creatures vanquished

Notes
Turn   | Place    | Note
--------------------------------------------------------------
     0 | D:1      | Katalist the Gargoyle Earth Elementalist began the quest for the Orb.
     0 | D:1      | Reached XP level 1. HP: 10/10 MP: 3/3
   442 | D:1      | Reached XP level 2. HP: 15/15 MP: 1/5
   727 | D:1      | Reached skill level 4 in Earth Magic
  1085 | D:2      | Noticed Sigmund
  1102 | D:1      | Reached XP level 3. HP: 19/19 MP: 2/7
  1189 | D:2      | Noticed Robin
  1315 | D:3      | Learned a level 3 spell: Stone Arrow
  1419 | D:3      | Found a hazy altar of Hepliaklqana.
  2204 | D:3      | Reached XP level 4. HP: 24/24 MP: 5/9
  2340 | D:3      | Reached skill level 1 in Conjurations
  2993 | D:4      | Reached XP level 5. HP: 12/28 MP: 5/10
  3189 | D:4      | Noticed an ogre
  3191 | D:4      | Killed an ogre
  3231 | D:4      | Found Uciqienn's Food Boutique.
  3235 | D:4      | Noticed dickylongcocking's ghost (amateur DsGl)
  3319 | D:4      | Noticed Edmund
  3587 | D:2      | Noticed Natasha
  3825 | D:5      | Entered Level 5 of the Dungeon
  3831 | D:5      | Reached XP level 6. HP: 32/32 MP: 10/12
  3853 | D:5      | Noticed Mekire's ghost (amateur DrTm)
  4040 | D:4      | Noticed a phantom
  4159 | D:4      | Killed a phantom
  4159 | D:4      | Reached skill level 5 in Earth Magic
  4211 | D:4      | Noticed Crazy Yiuf
  4231 | D:4      | Killed Crazy Yiuf
  4543 | D:4      | Reached skill level 5 in Spellcasting
  4579 | D:5      | Killed Mekire's ghost
  4579 | D:5      | Reached XP level 7. HP: 35/36 MP: 5/15
  5197 | D:5      | Reached skill level 6 in Earth Magic
  5971 | D:6      | Noticed Grinder
  5977 | D:6      | Reached XP level 8. HP: 35/41 MP: 6/17
  6190 | D:3      | Killed Edmund
  6532 | D:3      | Found a hazy altar of Hepliaklqana.
  6607 | D:2      | Killed Robin
  6618 | D:2      | Killed Natasha
  6723 | D:2      | Noticed Natasha
  6727 | D:2      | Killed Natasha
  6801 | D:2      | Noticed Natasha
  6805 | D:2      | Killed Natasha
  6811 | D:2      | Killed Sigmund
  6811 | D:2      | Reached skill level 7 in Earth Magic
  7235 | D:4      | Found Uciqienn's Food Boutique.
  7287 | D:4      | Killed dickylongcocking's ghost
  7287 | D:4      | Reached skill level 5 in Conjurations
  7353 | D:6      | Found a hazy altar of Hepliaklqana.
  7491 | D:6      | Killed Grinder
  7491 | D:6      | Reached XP level 9. HP: 38/45 MP: 15/20
  7812 | D:6      | Found a sparkling altar of Nemelex Xobeh.
  7816 | D:6      | Found a deep blue altar of Sif Muna.
  7816 | D:6      | Found an opulent altar of Gozag.
  7816 | D:6      | Found a shattered altar of Ashenzari.
  7817 | D:6      | Found a glowing silver altar of Zin.
  7820 | D:6      | Found Ehanud's Food Boutique.
  8406 | D:7      | Reached skill level 8 in Earth Magic
  8552 | D:7      | Found a flagged portal.
  8562 | Bailey   | Entered a bailey
  8562 | Bailey   | Noticed dickylongcocking's ghost (novice KoAr)
  9207 | D:7      | Found a staircase to the Ecumenical Temple.
  9394 | Temple   | Entered the Ecumenical Temple
  9503 | Temple   | Became a worshipper of Vehumet
 10638 | D:8      | Found a stormy altar of Qazlal.
 11086 | D:9      | Reached skill level 1 in Fighting
 11086 | D:9      | Reached skill level 1 in Armour
 11175 | D:9      | Reached * piety under Vehumet
 11175 | D:9      | Offered knowledge of Flame Tongue by Vehumet.
 11175 | D:9      | Reached XP level 10. HP: 44/53 MP: 19/23
 11385 | D:9      | Found a staircase to the Lair.
 11497 | D:9      | Found an ancient bone altar of Kikubaaqudgha.
 11771 | D:10     | Entered Level 10 of the Dungeon
 11986 | D:9      | Killed an unseen horror
 12257 | D:10     | Offered knowledge of Shock by Vehumet.
 12269 | D:10     | Reached ** piety under Vehumet
 12494 | D:10     | Reached skill level 5 in Armour
 12519 | D:10     | Reached skill level 5 in Fighting
 12696 | D:10     | Found Byxzuh's Antique Armour Shop.
 12710 | D:10     | Bought a transparent leather armour for 154 gold pieces
 12720 | D:10     | Identified the +5 leather armour "Emilus" {SInv} (You bought it in a shop on level 10 of the Dungeon)
 12927 | D:10     | Got a silken robe
 12948 | D:10     | Identified the +0 robe of Theory {+Inv rC- Int+5 SInv} (You found it on level 10 of the Dungeon)
 13274 | Lair:1   | Entered Level 1 of the Lair of Beasts
 14023 | Lair:1   | Reached XP level 11. HP: 64/64 MP: 17/24
 14162 | Lair:1   | Reached skill level 5 in Dodging
 14314 | Lair:1   | Offered knowledge of Dazzling Spray by Vehumet.
 14356 | Lair:1   | Learned a level 3 spell: Conjure Flame
 14360 | Lair:1   | Learned a level 3 spell: Mephitic Cloud
 14363 | Lair:1   | Learned a level 2 spell: Repel Missiles
 14484 | Lair:1   | Noticed Urug
 14501 | Lair:1   | Killed Urug
 15624 | Lair:2   | Reached *** piety under Vehumet
 16085 | Lair:2   | Noticed Fannar
 16592 | Lair:3   | Found a staircase to the Shoals.
 16643 | Lair:3   | Noticed Gastronok
 16963 | Lair:1   | Offered knowledge of Ignite Poison by Vehumet.
 17302 | Lair:1   | Reached skill level 1 in Shields
 17514 | Lair:2   | Reached XP level 12. HP: 75/75 MP: 1/25
 19025 | Lair:3   | Killed Gastronok
 19025 | Lair:3   | Reached **** piety under Vehumet
 19552 | Lair:3   | Found a hole to the Spider Nest.
 19663 | Lair:3   | Reached skill level 5 in Shields
 20118 | Lair:3   | Offered knowledge of Venom Bolt by Vehumet.
 20412 | Lair:2   | Reached skill level 10 in Armour
 20546 | Lair:3   | Reached skill level 10 in Fighting
 20775 | Lair:3   | Reached XP level 13. HP: 75/82 MP: 3/26
 21002 | Lair:3   | Reached skill level 1 in Fire Magic
 21827 | Lair:4   | Reached ***** piety under Vehumet
 22222 | Lair:4   | Offered knowledge of Orb of Destruction by Vehumet.
 22249 | Lair:4   | Learned a level 7 spell: Orb of Destruction
 23414 | Lair:5   | Found a viscous altar of Jiyva.
 23414 | Lair:5   | Found a staircase to the Slime Pits.
 24789 | Lair:5   | Reached skill level 10 in Spellcasting
 25184 | Lair:5   | Learned a level 5 spell: Lee's Rapid Deconstruction
 25944 | Lair:5   | Reached skill level 9 in Earth Magic
 25949 | Lair:5   | Reached skill level 5 in Fire Magic
 26638 | Lair:6   | Entered Level 6 of the Lair of Beasts
 27306 | Lair:5   | Found a viscous altar of Jiyva.
 27311 | Lair:5   | Found a staircase to the Slime Pits.
 27788 | Lair:5   | Gained mutation: Your large and strong wings let you fly indefinitely. [Gargoyle growth]
 27788 | Lair:5   | Reached XP level 14. HP: 88/88 MP: 15/28
 30426 | Lair:6   | Reached skill level 10 in Conjurations
 30456 | Lair:5   | Offered knowledge of Iskenderun's Battlesphere by Vehumet.
 30456 | Lair:5   | Reached skill level 10 in Earth Magic
 32062 | Lair:5   | Reached skill level 1 in Maces & Flails
 34511 | Lair:6   | Offered knowledge of Irradiate by Vehumet.
 34511 | Lair:6   | Reached XP level 15. HP: 87/92 MP: 16/30
 35936 | Lair:6   | Got a polished dagger
 36262 | Lair:6   | HP: 4/92 [fire dragon/blast of flame (45)]
 36691 | Lair:2   | Killed Fannar
 37102 | D:11     | Learned a level 5 spell: Fireball
 37304 | D:11     | Learned a level 1 spell: Summon Butterflies
 37586 | D:11     | Found a staircase to the Orcish Mines.
 38592 | D:11     | Noticed Erica
 38596 | D:11     | Killed Erica
 38672 | Orc:1    | Entered Level 1 of the Orcish Mines
 38684 | Orc:1    | Offered knowledge of Bolt of Fire by Vehumet.
 38702 | D:11     | Learned a level 6 spell: Bolt of Fire
 39556 | D:12     | Learned a level 6 spell: Iron Shot
 43786 | D:13     | Reached XP level 16. HP: 83/97 MP: 20/33
 44289 | D:14     | Noticed Agnes
 44305 | D:14     | Offered knowledge of Delayed Fireball by Vehumet.
 44384 | D:13     | Learned a level 7 spell: Delayed Fireball
 44584 | D:14     | Found a stormy altar of Qazlal.
 45576 | D:14     | Got a transparent scale mail
 45587 | D:14     | Identified the +10 scale mail "Wuicw" {rC+} (You found it on level 14 of the Dungeon)
 45903 | D:14     | Found a shadowy altar of Dithmenos.
 46576 | D:12     | Killed Agnes
 47420 | Orc:2    | Entered Level 2 of the Orcish Mines
 47421 | Orc:2    | Noticed Josephine
 47423 | Orc:2    | Offered knowledge of Freezing Cloud by Vehumet.
 47428 | Orc:2    | Killed Josephine
 49393 | Orc:2    | Found Jamnul's Jewellery Shop.
 49393 | Orc:2    | Found Yhuzeih's Armour Shoppe.
 49435 | Orc:2    | Noticed SirSamVimes's ghost (journeyman KoAr)
 50555 | Orc:2    | Found a staircase to the Elven Halls.
 50729 | Orc:2    | Found a roughly hewn altar of Beogh.
 50881 | Orc:2    | Found Ipsuammi's Distillery.
 50881 | Orc:2    | Found Exzov's Magic Scroll Shoppe.
 50908 | Orc:2    | Bought a potion of heal wounds for 90 gold pieces
 50964 | Orc:2    | Bought a +4 ring of protection for 504 gold pieces
 50979 | Orc:2    | Bought a +2 pair of gloves for 247 gold pieces
 51074 | Orc:2    | Bought a scroll of identify for 28 gold pieces
 51074 | Orc:2    | Bought a scroll of identify for 28 gold pieces
 51074 | Orc:2    | Bought a scroll of teleportation for 42 gold pieces
 51190 | D:11     | Offered knowledge of Poisonous Cloud by Vehumet.
 51713 | D:14     | Found a gate to the Vaults.
 52133 | D:15     | Entered Level 15 of the Dungeon
 52240 | D:15     | Found a labyrinth entrance.
 52363 | D:15     | Found a portal to a secret trove of treasure.
 52813 | D:15     | Reached skill level 10 in Fire Magic
 53304 | D:15     | Reached XP level 17. HP: 101/102 MP: 21/35
 53740 | D:15     | Found a staircase to the Depths.
 54063 | Spider:1 | Entered Level 1 of the Spider Nest
 54194 | Spider:1 | Noticed Snarg's ghost (journeyman DsWn)
 55312 | Shoals:1 | Entered Level 1 of the Shoals
 58274 | Shoals:2 | Reached ****** piety under Vehumet
 58296 | Shoals:2 | Noticed Roxanne
 58459 | Shoals:2 | Reached skill level 15 in Spellcasting
 58460 | Shoals:2 | Offered knowledge of Lehudib's Crystal Spear by Vehumet.
 58460 | Shoals:2 | Offered knowledge of Fire Storm by Vehumet.
 58460 | Shoals:2 | Offered knowledge of Shatter by Vehumet.
 60507 | Shoals:2 | Reached skill level 1 in Evocations
 62534 | Shoals:3 | Reached XP level 18. HP: 107/107 MP: 24/37
 63883 | Shoals:4 | Entered Level 4 of the Shoals
 64665 | Shoals:4 | Noticed Louise
 64959 | Shoals:3 | Reached skill level 11 in Earth Magic
 65653 | Shoals:4 | Noticed Ilsuiw
 67182 | Shoals:4 | Killed Louise
 70377 | Shoals:3 | Killed Ilsuiw
 71454 | Shoals:4 | Reached skill level 12 in Earth Magic
 71593 | Shoals:4 | Identified the Papyrus of Dusty Calling
 71888 | Shoals:4 | Reached skill level 5 in Evocations
 72341 | Shoals:4 | Reached XP level 19. HP: 112/112 MP: 5/39
 73524 | Shoals:4 | Got a bloodstained ring mail
 73535 | Shoals:4 | Identified the +1 ring mail of the Pits of Slime {rC- rN+ Regen+ Dex+2} (You found it on level 4 of the Shoals)
 73908 | Shoals:4 | Got a barnacled rune of Zot
 74095 | Shoals:2 | Killed Roxanne
 74222 | Shoals:2 | Identified Roxanne's Reference Book on Transmigration (You took it off Roxanne on level 2 of the Shoals)
 74931 | Orc:2    | Killed SirSamVimes's ghost
 74963 | Orc:2    | Upgraded the game from 0.19-a0-599-g723c685 to 0.19-a0-611-gb5a7e8d
 75889 | Spider:1 | Killed Snarg's ghost
 76476 | Spider:1 | Noticed Donald
 76486 | Spider:1 | Killed Donald
 77639 | Spider:2 | Reached skill level 15 in Conjurations
 78251 | Spider:1 | Reached skill level 13 in Earth Magic
 79665 | Spider:2 | You are sucked into a shaft!
 79956 | Spider:3 | Noticed Arachne
 81063 | Spider:3 | Killed Arachne
 81063 | Spider:3 | Reached XP level 20. HP: 107/117 MP: 3/41
 82002 | Spider:3 | Reached skill level 14 in Earth Magic
 82333 | Spider:4 | Entered Level 4 of the Spider Nest
 86273 | Spider:4 | Got a gossamer rune of Zot
 86717 | Vaults:1 | Entered Level 1 of the Vaults
 87200 | Vaults:1 | Reached skill level 15 in Earth Magic
 87603 | Vaults:1 | Reached skill level 15 in Fire Magic
 89061 | Vaults:1 | Reached XP level 21. HP: 80/122 MP: 32/42
 91070 | Vaults:2 | Reached skill level 16 in Earth Magic
 91194 | Vaults:2 | Noticed Wiglaf
 91199 | Vaults:2 | Killed Wiglaf
 91200 | Vaults:2 | Found Orajuw's Gadget Shoppe.
 95307 | Vaults:2 | Reached XP level 22. HP: 97/127 MP: 12/43
 96107 | Vaults:2 | Found a staircase to the Crypt.
 96663 | Vaults:3 | Found Vuar Hio's Magic Scroll Shop.
 96671 | Vaults:3 | Bought a scroll of teleportation for 60 gold pieces
 96671 | Vaults:3 | Bought a scroll of blinking for 150 gold pieces
 96736 | Vaults:3 | Found an oddly glowing altar of Pakellas.
 96909 | Vaults:3 | Noticed RepHenryClay's ghost (adept MiEn)
 98670 | Vaults:3 | Reached skill level 17 in Earth Magic
104367 | Vaults:4 | Reached XP level 23. HP: 132/132 MP: 36/46
104459 | Vaults:4 | Found Zirph's Jewellery Boutique.
104728 | Vaults:4 | Got a smoking cloak
104739 | Vaults:4 | Identified the +0 cloak of the Barnacle {+Fly rC+ rN+} (You found it on level 4 of the Vaults)
106251 | Depths:1 | Entered Level 1 of the Depths
106302 | Depths:1 | Cast into level 4 of the Abyss (a lich)
106345 | Depths:1 | Escaped the Abyss
106531 | Depths:1 | Found a large runed door.
106532 | Depths:1 | Found a large runed door.
106633 | Depths:1 | Paralysed by a great orb of eyes for 3 turns
107107 | Depths:1 | Reached skill level 18 in Earth Magic
107339 | Depths:1 | Found a one-way gate leading to the halls of Pandemonium.
107531 | Depths:1 | Found a gateway to Hell.
109845 | Depths:2 | Noticed a golden dragon
109853 | Depths:2 | Killed a golden dragon
110222 | Depths:2 | Found a one-way gate to the infinite horrors of the Abyss.
111523 | Depths:2 | Got a fine spear
111524 | Depths:2 | Identified the +7 spear of Animal Spirits {freeze, *Confuse Str-3 Int+9 Dex+8} (You found it on level 2 of the Depths)
111528 | Depths:2 | Got a warped chain mail
111539 | Depths:2 | Identified the +2 chain mail of the Kangaroo {rElec Stlth+} (You found it on level 2 of the Depths)
111563 | Depths:2 | Learned a level 8 spell: Lehudib's Crystal Spear
112317 | Depths:3 | Reached XP level 24. HP: 128/137 MP: 33/47
115487 | Vaults:4 | Bought an uncursed amulet of regeneration for 330 gold pieces
115796 | Depths:3 | Reached skill level 5 in Maces & Flails
116157 | Depths:3 | Paralysed by a great orb of eyes for 7 turns
119095 | Depths:2 | Reached skill level 10 in Dodging
119850 | Depths:3 | Noticed a caustic shrike
119857 | Depths:3 | Killed a caustic shrike
120187 | Depths:4 | Found a gateway to a ziggurat.
121186 | Depths:3 | Reached XP level 25. HP: 146/146 MP: 37/47
123029 | Depths:4 | Reached skill level 19 in Earth Magic
124024 | Depths:4 | Noticed a juggernaut
124029 | Depths:4 | Killed a juggernaut
124613 | Depths:4 | Noticed a juggernaut
125150 | Depths:4 | Identified the Handbook of Mutagenic Calling (You found it on level 4 of the Depths)
125153 | Depths:4 | Identified the Almanac of the Rocks and Lightness
125265 | Depths:4 | Killed a juggernaut
125385 | Depths:5 | Entered Level 5 of the Depths
126371 | Depths:5 | Noticed Mennas
126747 | Depths:4 | Reached skill level 20 in Earth Magic
127653 | Depths:4 | Reached XP level 26. HP: 114/152 MP: 21/47
131257 | Depths:5 | Found a gate to the Realm of Zot.
131985 | Vaults:4 | Bought an uncursed ring of protection from magic for 275 gold pieces
132332 | Elf:1    | Entered Level 1 of the Elven Halls
132736 | Elf:1    | Found Kote Eseoq's Food Shoppe.
134021 | Elf:1    | Gained mutation: You are partially covered in rugged brown scales. (AC +1, +3% HP) [potion of beneficial mutation]
134022 | Elf:1    | Gained mutation: You have sharp fingernails. [potion of beneficial mutation]
134056 | Elf:1    | Learned a level 7 spell: Orb of Destruction
134801 | Elf:2    | Identified a scroll of acquirement
134809 | Elf:2    | Got a shimmering shield
134820 | Elf:2    | Identified the +0 shield "Fiama" {rElec MP+9 Str+4} (You acquired it on level 2 of the Elven Halls)
135412 | Elf:2    | Found a huge runed gate.
135412 | Elf:2    | Found a huge runed gate.
135412 | Elf:2    | Found a huge runed gate.
135412 | Elf:2    | Found a huge runed gate.
135412 | Elf:2    | Found a huge runed gate.
135969 | Elf:2    | Noticed Asterion
135981 | Elf:2    | Killed Asterion
136243 | Elf:2    | Reached skill level 21 in Earth Magic
136656 | Elf:2    | Noticed Jorgrun
136662 | Elf:2    | Killed Jorgrun
137628 | Elf:3    | Entered Level 3 of the Elven Halls
138485 | Elf:3    | Learned a level 3 spell: Regeneration
138505 | Elf:3    | Reached XP level 27. HP: 160/160 MP: 17/48
138936 | Elf:3    | Reached skill level 22 in Earth Magic
139701 | Elf:3    | Noticed grandjackal's ghost (adept DrGl)
140366 | Elf:3    | Killed grandjackal's ghost
140726 | Elf:3    | Reached skill level 23 in Earth Magic
142154 | Elf:3    | Got a coiled brass ring
142155 | Elf:3    | Identified the ring "Maw Hul" {EV+4 Str+8 Int-4 Dex+4 Slay+5} (You took it off a deep elf death mage on level 3 of the Elven Halls)
142564 | Elf:3    | Identified the Compendium of the Compass and Weightlessness
142569 | Elf:3    | Identified Sif Muna's Guide on Dislocation and Ice (You found it on level 3 of the Elven Halls)
142749 | Elf:3    | Identified the +5 executioner's axe "Husoosi" {chop, +Blink MP-9 Str+2 Int+6} (You took it off a deep elf death mage on level 3 of the Elven Halls)
142833 | Elf:2    | Identified the +4 flail of the Saviour {crush, *Drain MP+9 Dex+2} (You found it on level 2 of the Elven Halls)
142954 | D:10     | Bought a tiger eye-encrusted ring mail for 198 gold pieces
142954 | D:10     | Identified the +2 ring mail "Difuwaot" {Str+2 Stlth+} (You bought it in a shop on level 10 of the Dungeon)
143150 | Slime:1  | Entered Level 1 of the Pits of Slime
144028 | Slime:3  | Reached skill level 10 in Shields
144382 | Slime:5  | Entered Level 5 of the Pits of Slime
145011 | Slime:5  | Noticed the Royal Jelly
146683 | Slime:4  | Gained mutation: You are occasionally teleported next to monsters. [a shining eye]
146685 | Slime:4  | Lost mutation: You are occasionally teleported next to monsters. [potion of cure mutation]
146685 | Slime:4  | Lost mutation: You are partially covered in rugged brown scales. (AC +1, +3% HP) [potion of cure mutation]
146685 | Slime:4  | Lost mutation: You have sharp fingernails. [potion of cure mutation]
146769 | Slime:5  | Found a viscous altar of Jiyva.
147719 | Slime:5  | Killed the Royal Jelly
148017 | Slime:5  | Identified the cursed +1 morningstar "Glorpo" {drain, rElec rPois rC- rN+} (You found it on level 5 of the Pits of Slime)
148169 | Slime:5  | Got a slimy rune of Zot
148205 | Slime:5  | Got a twitching silver ring
148212 | Slime:5  | Identified the Guide on Evil Arts and Hexes
148486 | Slime:5  | Identified the ring "Ton Wuargh" {rElec Stlth-} (You found it on level 5 of the Pits of Slime)
149133 | Zot:1    | Entered Level 1 of the Realm of Zot
150206 | Depths:5 | Upgraded the game from 0.19-a0-611-gb5a7e8d to 0.19-a0-630-g098d46c
150389 | Zot:1    | Identified the cursed +1 leather armour "Sucatsawon" {rN+} (You found it on level 1 of the Realm of Zot)
156456 | Zot:3    | Reached skill level 15 in Shields
157382 | Zot:4    | Reached skill level 10 in Evocations
157773 | Zot:5    | Entered Level 5 of the Realm of Zot
159526 | Zot:5    | Reached skill level 15 in Fighting
160162 | Zot:5    | Noticed an orb of fire
160167 | Zot:5    | Killed an orb of fire
160281 | Zot:5    | Noticed an ancient lich
160286 | Zot:5    | Killed an ancient lich
160414 | Zot:5    | Reached skill level 15 in Armour
160532 | Zot:5    | Noticed an orb of fire
160538 | Zot:5    | Gained mutation: You are clumsy. (Dex -2) [an orb of fire]
161226 | Zot:5    | Killed an orb of fire
161228 | Zot:5    | Noticed an orb of fire
161831 | Zot:5    | Noticed an orb of fire
161841 | Zot:5    | Gained mutation: Scrolls take you a little longer to read. [an orb of fire]
161845 | Zot:5    | Killed an orb of fire
161847 | Zot:5    | Noticed an orb of fire
161855 | Zot:5    | Gained mutation: Your magical capacity is low. (-10% MP) [an orb of fire]
162023 | Zot:5    | Gained mutation: You are dopey. (Int -2) [an orb of fire]
162025 | Zot:5    | Killed an orb of fire
162165 | Zot:5    | Noticed an ancient lich
162167 | Zot:5    | Killed an ancient lich
162233 | Zot:5    | Noticed an orb of fire
162237 | Zot:5    | Gained mutation: You possess an exceptional clarity of mind. [an orb of fire]
162242 | Zot:5    | Killed an orb of fire
162282 | Zot:5    | Gained mutation: You are very dopey. (Int -4) [an orb of fire]
162302 | Zot:5    | Gained mutation: You are frail. (-10% HP) [an orb of fire]
162435 | Zot:5    | Noticed an orb of fire
162438 | Zot:5    | HP: 2/151 [orb of fire/fireball (12)]
162439 | Zot:5    | Gained mutation: You are weak. (Str -2) [an orb of fire]
162442 | Zot:5    | Gained mutation: You are very frail. (-20% HP) [an orb of fire]
162444 | Zot:5    | Gained mutation: You are very weak. (Str -4) [an orb of fire]
162541 | Zot:5    | Gained mutation: You occasionally shout uncontrollably at your foes. [an orb of fire]
162546 | Zot:5    | Killed an orb of fire
162916 | Zot:5    | Lost mutation: You are very weak. (Str -4) [an orb of fire]
162920 | Zot:5    | Killed an orb of fire
163728 | Zot:5    | Noticed an ancient lich
164356 | Zot:5    | Reached skill level 15 in Dodging
166221 | Zot:5    | Lost mutation: You possess an exceptional clarity of mind. [potion of cure mutation]
166221 | Zot:5    | Lost mutation: You are very frail. (-20% HP) [potion of cure mutation]
166221 | Zot:5    | Lost mutation: You are clumsy. (Dex -2) [potion of cure mutation]
166221 | Zot:5    | Lost mutation: Your magical capacity is low. (-10% MP) [potion of cure mutation]
166237 | Zot:5    | Got the Orb of Zot
166440 | Zot:1    | Noticed Taghutsu the pandemonium lord
166576 | Depths:3 | Noticed Cubbevit the pandemonium lord
166805 | D:9      | Noticed Qiz Haij the pandemonium lord
167014 | D:$      | Escaped with the Orb!

Vault maps used:
D:1:      onia_arrival_mini_spirals, minmay_tree_intersection
D:2:      first_bread, uniq_natasha, uniq_sigmund, uniq_robin
D:3:      lemuel_crystal_altar
D:4:      serial_shops, shop, uniq_crazy_yiuf_cottage, uniq_edmund
D:5:      wad_lake_hut
D:6:      grunt_temple_overflow_open, serial_shops, nicolae_shop_crystal,
          basic_altar, uniq_grinder
D:7:      minmay_temple_entry_fiery, enter_bailey_2
D:8:      marbit_many_paths, nrook_loot_triangle
D:9:      kennysheep_vampire_church, david_lair_shrubbed
D:10:     serial_shops, nicolae_shop_overgrown_old_shop, grunt_ogre_cave
D:11:     kennysheep_orc_monster_closet_entryway, kennysheep_dice, uniq_erica
D:12:     nrook_mini_backslash, kennysheep_another_room
D:13:     hangedman_screamer, minmay_hedge_maze
D:14:     grunt_vaults_entry_fortified, basic_altar,
          grunt_dithmenos_smoke_and_mirrors, kennysheep_generic_room_15,
          uniq_agnes
D:15:     grunt_enter_depths_hoard, nicolae_trove_entry_free_sample,
          lab_entry_generic, minmay_misc_feat_tower
Temple:   hc_temple_tempest_star
Lair:1:   serial_bayou_shore_a, grunt_megastairs_2, uniq_urug
Lair:2:   beast_lair_carwin_large_4, serial_bayou_crossing, uniq_fannar
Lair:3:   elwin_shoals_entry_stream, nicolae_spider_entry_orb_guardian,
          grunt_megastairs_4, uniq_gastronok
Lair:4:   grunt_megastairs_1, infiniplex_staircase_pool_2
Lair:5:   slime_altar_1, beast_lair_carwin_1
Lair:6:   hangedman_lair_caniforms_friends, guppyfry_lair_end_dragon,
          lightli_volcano_entry_magma_tube
Shoals:1: nicolae_shoals_so_close
Shoals:2: abandoned_shop, uniq_roxanne
Shoals:4: shoals_end_grunt_ice, shoals_ilsuiw_ice, uniq_louise
Spider:1: spider_temple_joshua, uniq_donald
Spider:2: zaba_anthell
Spider:3: worms_lemuel, uniq_arachne
Spider:4: grunt_spider_rune_island
Slime:3:  nicolae_slime_round_cave
Orc:2:    st_orc_town, uniq_josephine
Elf:1:    elf_arrival_001, serial_shops, shop, mu_enter_wizlab_5,
          kennysheep_underground_church
Elf:2:    uniq_asterion, uniq_jorgrun
Elf:3:    minmay_elf_hall_four_x
Vaults:1: v_misc_13, vaults_mumra_chevron_long, vaults_standard_mumra_x,
          nicolae_vaults_big_angled_halls, v_pattern_3, grunt_vaults_focal,
          grunt_vaults_bifocal, hangedman_vaults_stretched_pinwheel,
          vaults_room_fancy_cross, ontoclasm_vaults_twist,
          nicolae_vaults_triangles, vaults_mumra_hexcomb, nicolae_vaults_theta,
          ontoclasm_vaults_chip
Vaults:2: hangedman_vaults_maws, hangedman_vaults_snaps,
          nicolae_vaults_c_with_doors, ontoclasm_vaults_ligature,
          minmay_crypt_entry_vampire_xt, hangedman_vaults_nails, v_misc_14,
          vaults_room_corners, vaults_mumra_hex, vaults_mumra_chevron, v_misc_4,
          v_misc_14, nicolae_vaults_circle_grid_b, v_misc_24, serial_shops,
          shop, uniq_wiglaf
Vaults:3: vaults_room_door_hall, vaults_dpeg_encased_lava,
          nicolae_vaults_network_periphery, vaults_room_door_hall,
          hangedman_vaults_stitches, nicolae_vaults_network_star, st_hourglassy,
          nicolae_vaults_network_quinsquares, vaults_room_semicircle,
          basic_altar, serial_shops, shop_fountains
Vaults:4: hangedman_vaults_variations, v_rooms_3,
          nicolae_vaults_border_crossing, ontoclasm_vaults_shuriken, v_misc_4,
          ontoclasm_vaults_bender, vaults_room_ringed_pool,
          nicolae_vaults_shelves_hall, v_misc_29, ontoclasm_vaults_gateway,
          st_cells, nicolae_vaults_what_the_h, nicolae_vaults_specimen_jars,
          ontoclasm_vaults_ring_small, serial_shops, shop
Depths:1: hex_intersection, hell_entry, rand_demon_pan_entry_3,
          grunt_ministairs_7, kennysheep_pointless_box, hangedman_eye_storm
Depths:2: minmay_haunted_quarter, abyss_entry_crystal, hell_entry,
          infiniplex_staircase_pool_1
Depths:3: hangedman_cross_veins, rand_demon_pan_entry_1, abyss_entry,
          serial_bayou_pond_c, hell_entry, infiniplex_staircase_zigzag_3,
          grunt_megastairs_3, serial_bayou_shore_b, serial_bayou_shore_b
Depths:4: minmay_nested_s, enter_ziggurat_d, hell_entry, abyss_entry,
          serial_sigils_hangedman_snap, minmay_item_behind_shaft
Depths:5: grunt_zot_entry_gee_three, hell_entry, minmay_crystal_water,
          pan_entry, serial_bayou_shore_b, uniq_mennas
Zot:2:    grunt_ministairs_4
Zot:3:    grunt_ministairs_5, st_small_dragon_hoard_4
Zot:4:    st_small_dragon_hoard_1
Abyss:4:  guppyfry_abyss_exit_imp_island
Bailey:   bailey_polearm_gnolls_kennysheep, bailey

Skill      XL: |  1  2  3  4  5  6  7  8  9 10 11 12 13 14 15 16 17 18 19 20 21 22 23 24 25 26 27 |
---------------+----------------------------------------------------------------------------------+-----
Earth Magic    | 4 5 6 7 8 9 10 12 13 15 16 17 18 20 21 23 | 23.3
Spellcasting   | 3 4 5 6 7 9 10 11 13 14 15 16 17 19 20 21 | 21.7
Conjurations   | 1 2 3 4 5 6 9 10 11 12 13 14 15 16 17 18 19 20 21 | 21.3
Fighting       | 2 5 8 10 11 16 | 16.5
Armour         | 2 6 8 10 11 16 | 16.1
Dodging        | 2 4 6 8 9 10 15 | 15.1
Shields        | 1 5 8 18 | 18.6
Fire Magic     | 5 6 8 10 12 13 15 16 17 20 | 20.2
Maces & Flails | 3 4 9 |  9.6
Evocations     | 2 5 11 | 11.9
Stealth        | |  2.1
Transmutations | |  0.7

Action                   |  1- 3 |  4- 6 |  7- 9 | 10-12 | 13-15 | 16-18 | 19-21 | 22-24 | 25-27 || total
-------------------------+-------+-------+-------+-------+-------+-------+-------+-------+-------++-------
Melee: Unarmed           |     2 |       |       |       |       |       |       |       |       ||     2
       Short sword       |    61 |    39 |    28 |       |       |       |       |       |       ||   128
       Flail             |       |       |   194 |   317 |   798 |    46 |       |       |       ||  1355
       Staff             |       |       |       |       |       |   679 |   599 |   123 |    27 ||  1428
       Demon whip        |       |       |       |       |       |       |       |   116 |  1012 ||  1128
 Cast: Sandblast         |    58 |    78 |   206 |   215 |    57 |       |       |     7 |       ||   621
       Stone Arrow       |       |       |     3 |   289 |  1084 |  1391 |  1032 |   153 |    25 ||  3977
       Mephitic Cloud    |       |       |       |    11 |    38 |    18 |     5 |     2 |     3 ||    77
       Repel Missiles    |       |       |       |     1 |     2 |    12 |     6 |    11 |    25 ||    57
       Bolt of Fire      |       |       |       |       |    19 |   243 |   415 |   797 |  1222 ||  2696
       Lee's Rapid Decon |       |       |       |       |     6 |     9 |    25 |    16 |    24 ||    80
       Fireball          |       |       |       |       |     2 |    36 |    40 |    26 |    42 ||   146
       Summon Butterflie |       |       |       |       |     2 |     1 |     2 |       |     4 ||     9
       Iron Shot         |       |       |       |       |       |    23 |    36 |   135 |   273 ||   467
       Delayed Fireball  |       |       |       |       |       |       |     1 |     1 |    13 ||    15
       Lehudib's Crystal |       |       |       |       |       |       |       |       |   293 ||   293
       Orb of Destructio |       |       |       |       |       |       |       |       |    35 ||    35
       Regeneration      |       |       |       |       |       |       |       |       |     7 ||     7
 Abil: Fly               |       |       |       |       |       |     1 |       |       |     3 ||     4
       Stop Flying       |       |       |       |       |       |       |       |     1 |     2 ||     3
Evoke: Wand              |       |       |       |     2 |    10 |    11 |     3 |     6 |    30 ||    62
       Staff of energy   |       |       |       |       |       |     2 |       |       |       ||     2
  Use: Scroll            |       |       |     7 |     7 |    15 |    19 |     7 |     4 |    48 ||   107
       Potion            |       |       |       |       |     1 |     5 |     6 |     1 |    32 ||    45
 Stab: Sleeping          |     1 |       |     1 |       |       |     1 |       |       |       ||     3
       Confused          |       |       |       |     3 |     3 |       |     1 |       |       ||     7
       Distracted        |       |       |       |     1 |     1 |       |       |       |       ||     2
  Eat: Chunk             |     4 |     6 |    19 |    31 |    66 |    87 |    60 |    61 |    60 ||   394
       Royal jelly       |       |     1 |       |       |     1 |    12 |     7 |     5 |     2 ||    28
       Pizza             |       |       |     1 |       |     3 |       |     2 |     1 |     3 ||    10
       Beef jerky        |       |       |       |       |     6 |     4 |     2 |       |     6 ||    18
       Fruit             |       |       |       |       |       |     7 |     2 |     9 |    10 ||    28
       Meat ration       |       |       |       |       |       |       |       |       |    16 ||    16
Armor: Robe              |    18 |       |       |       |       |       |       |       |       ||    18
       Leather armour    |    20 |    33 |   195 |   548 |  1155 |   577 |   255 |       |       ||  2783
       Scale mail        |       |       |       |       |       |   775 |  1593 |   494 |       ||  2862
       Ring mail         |       |       |       |       |       |       |       |   115 |   859 ||   974
Dodge: Dodged            |    92 |    60 |   224 |   644 |  1633 |  1304 |  1333 |   380 |   769 ||  6439
       Deflected         |       |       |       |       |    11 |    63 |    33 |    20 |    45 ||   172
Block: Shield            |       |       |       |     5 |       |       |       |   125 |  1197 ||  1327
       Buckler           |       |       |       |       |       |   359 |   490 |   108 |       ||   957
